 Dungeon Crawl Stone Soup version 0.24.0-123-gd5b16e6ec5 (webtiles) character file.

Game seed: 14462858869369507179, levelgen mode: deterministic

146 Notrik the Chopper (level 5, -6/48 HPs)
             Began as a Hill Orc Monk on Feb 2, 2020.
             Was a Priest of Beogh.
             Mangled by an ogre
             ... wielding a +0 giant club
              (24 damage)
             ... on level 4 of the Dungeon.
             The game lasted 00:06:50 (3383 turns).

Notrik the Chopper (Hill Orc Monk)                  Turns: 3383, Time: 00:06:50

Health: -6/48      AC: 14    Str: 15    XL:     5   Next: 28%
Magic:  5/5        EV:  7    Int: 10    God:    Beogh [***...]
Gold:   176        SH:  0    Dex: 13    Spells: 4/4 levels left

rFire    . . .     SeeInvis .   a - +0 hand axe
rCold    . . .     Gourm    .   (no shield)
rNeg     . . .     Faith    .   s - +3 chain mail
rPois    .         Spirit   .   (no helmet)
rElec    .         Reflect  .   i - +0 cloak
rCorr    .         Harm     .   d - +1 pair of gloves
MR       .....                  (no boots)
Stlth    ..........             (no amulet)
HPRegen  0.16/turn              (no ring)
MPRegen  0.09/turn              (no ring)

@: no status effects
A: no striking features
a: Smiting, Renounce Religion


You were on level 4 of the Dungeon.
You worshipped Beogh.
Beogh was most pleased with you.
You were not hungry.

You visited 1 branch of the dungeon, and saw 4 of its levels.

You collected 176 gold pieces.

Inventory:

Hand Weapons
 a - a +0 hand axe (weapon)
Armour
 b - a +0 robe
 d - a +1 pair of gloves (worn)
   (You found it on level 1 of the Dungeon)
 i - a +0 cloak (worn)
   (You found it on level 1 of the Dungeon)
 s - a +3 chain mail (worn)
   (You found it on level 3 of the Dungeon)
Jewellery
 n - an uncursed amulet of faith {unknown}
   (You found it on level 1 of the Dungeon)
Scrolls
 h - a scroll of fear {unknown}
 k - 2 scrolls of fog {unknown}
 l - 7 scrolls of identify {unknown}
 o - 2 scrolls of immolation {unknown}
 p - a scroll of noise {unknown}
 q - 3 scrolls of remove curse {unknown}
 r - 4 scrolls of teleportation {unknown}
 u - a scroll of enchant weapon {unknown}
 x - a scroll of magic mapping {unknown}
Potions
 c - a potion of lignification {unknown}
 f - 2 potions of invisibility {unknown}
 g - 2 potions of curing {unknown}
 j - a potion of agility {unknown}
 m - a potion of berserk rage {unknown}
 t - a potion of heal wounds {unknown}
 v - 2 potions of cancellation {unknown}
Comestibles
 e - 6 rations {!d}
 w - a chunk of flesh


   Skills:
 + Level 5.0 Fighting
 + Level 5.5 Axes
 + Level 0.1 Armour
 + Level 3.3 Dodging
 - Level 1.5 Stealth


You had 4 spell levels left.
You didn't know any spells.
Your spell library was empty.

Dungeon Overview and Level Annotations

Branches:
Dungeon (4/15)
 Temple: D:4-7

Altars:
Cheibriados
Qazlal
Yredelemnul
Beogh


Message History

No target in view!
No target in view!
No target in view!
You feel sick.
You butcher the adder corpse.
w - 2 chunks of flesh You see here an adder skeleton. x2
Eating one of 2 chunks of flesh.
You eat one of the 2 chunks of flesh.
You feel sick.
x - a scroll labeled IMI WEM FONOWN You feel sick.
You are no longer poisoned.
A black bear and an ogre come into view.
The ogre shouts!
The black bear growls angrily.
There are monsters nearby!
There are monsters nearby!
There are monsters nearby!
The black bear bites you but does no damage.
The black bear completely misses you.
The black bear claws you but does no damage.
You closely miss the black bear.
The black bear bites you but does no damage.
The black bear claws you but does no damage. x2
You hit the black bear. The black bear bites you.
The black bear claws you but does no damage.
The black bear closely misses you.
You hit the black bear but do no damage.
You barely miss the ogre.
The black bear bites you but does no damage.
The black bear claws you but does no damage. x2
The ogre closely misses you.
You hit the black bear but do no damage.
You hit the ogre.
The black bear bites you but does no damage.
The black bear claws you but does no damage. x2
The ogre hits you with a +0 giant club!
You slash the black bear! You hit the ogre but do no damage.
The black bear barely misses you. x2
The black bear claws you but does no damage.
You closely miss the black bear. You hit the ogre.
The ogre hits you with a +0 giant club!
* * * LOW HITPOINT WARNING * * *
The black bear bites you but does no damage.
The black bear closely misses you.
The black bear claws you but does no damage.
You hit the black bear but do no damage.
You barely miss the ogre.
The ogre hits you with a +0 giant club!!
Ouch! That really hurt!
You die...

## . ..
#########
#. .#
#.#.#.#.#
..
..........
#. .#.#.#.#
.. ......
#.#.#.#.#.#
......h@O#
########.#
#.# #.# .#
#.# #.# #.#
#.# #.# #.#
##.# #.#
#.รท# #.#


You could see a black bear and an ogre.

Vanquished Creatures
  5 adders
  2 oozes
  A worm (D:2)
  4 dart slugs
  3 leopard geckos
  An orc (D:3)
  4 giant cockroaches
  8 goblins
  4 hobgoblins
  4 jackals (D:1)
  3 quokkas
  4 ball pythons
  8 bats
  4 frilled lizards
  7 kobolds
  12 rats
74 creatures vanquished.

Vanquished Creatures (collateral kills)
  A worm (D:3)
  2 orcs (D:3)
  2 bats (D:3)
5 creatures vanquished.

Vanquished Creatures (others)
  An orc (D:3)
1 creature vanquished.

Grand Total: 80 creatures vanquished

Notes
Turn   | Place    | Note
-------+----------+-------------------------------------------
     0 | D:1      | Notrik the Hill Orc Monk began the quest for the Orb.
     0 | D:1      | Reached XP level 1. HP: 19/19 MP: 1/1
   273 | D:1      | Reached XP level 2. HP: 8/27 MP: 2/2
   898 | D:1      | Reached XP level 3. HP: 33/33 MP: 3/3
  1292 | D:2      | Found a snail-covered altar of Cheibriados.
  1329 | D:2      | Found a basalt altar of Yredelemnul.
  1611 | D:2      | Reached XP level 4. HP: 34/41 MP: 4/4
  1627 | D:2      | Found a faded altar of an unknown god.
  1634 | D:2      | Became a worshipper of Beogh the Brigand
  1634 | D:2      | Reached * piety under Beogh
  1634 | D:2      | Reached ** piety under Beogh
  1707 | D:2      | Reached skill level 5 in Axes
  1785 | D:2      | Reached *** piety under Beogh
  2024 | D:2      | Found a snail-covered altar of Cheibriados.
  2354 | D:3      | Reached XP level 5. HP: 39/47 MP: 5/5
  2761 | D:3      | Found a stormy altar of Qazlal.
  2765 | D:3      | Noticed a fire elemental
  2765 | D:3      | Noticed a water elemental
  2765 | D:3      | Noticed an air elemental
  2844 | D:3      | Reached skill level 5 in Fighting
  3375 | D:4      | Noticed an ogre
  3375 | D:4      | Noticed a black bear
  3383 | D:4      | Mangled by an ogre

Levels and vault maps discovered:
D:1:      dpeg_arrival_tiny_i, layout_basic
D:2:      layout_loops_corners, lemuel_round_altar, overflow_temple_1_default,
          chequers_ecumenical_altar_simple_redux, kennysheep_slug_shrine
D:3:      layout_loops_ring, nicolae_qazlal_style_of_elements, first_ration
D:4:      layout_loops_ring, minmay_temple_entry_fiery, serial_shops, shop,
          st_stairs_13, brannock_xom_greatest_gift, uniq_grinder, uniq_menkaure,
          uniq_crazy_yiuf_cottage

Skill      XL: |  1  2  3  4  5 |
---------------+----------------+-----
Fighting       | 4 5 |  5.0
Dodging        | 3 |  3.3
Axes           | 5 |  5.5
Armour         | |  0.1
Stealth        | |  1.5

Action                   |  1- 3 |  4- 6 || total
-------------------------+-------+-------++-------
Melee: Hand axe          |   122 |   134 ||   256
 Stab: Sleeping          |     7 |     2 ||     9
  Eat: Chunk             |     2 |     3 ||     5
       Ration            |       |     1 ||     1
Armor: Robe              |    20 |    40 ||    60
       Chain mail        |       |    18 ||    18
Dodge: Dodged            |    82 |   106 ||   188
